 Dungeon Crawl Stone Soup version 0.31-a0-230-g09eb5fc4d3 (webtiles) character file.

Game seed: 5397718461883786575

38 qw the Shooter (level 3, -2/21 HPs)
             Began as a Gargoyle Hexslinger on July 6, 2023.
             Slain by a goblin
             ... wielding a +0 dagger
             ... led by Robin
              (5 damage)
             ... on level 2 of the Dungeon.
             The game lasted 00:00:29 (1015 turns).

qw the Shooter (Gargoyle Hexslinger)                Turns: 1015, Time: 00:00:30

Health: -2/21      AC:  6    Str:  8 (11) XL:     3   Next: 43%
Magic:  4/4        EV: 11    Int: 10 (13) God:
Gold:   67         SH:  0    Dex: 13 (14) Spells: 3/4 levels left

rFire   + . .        Y - +1 sling
rCold   . . .        (no shield)
rNeg    + . .        k - +0 leather armour
rPois   inf          (no helmet)
rElec   +            (no cloak)
rCorr   .            (no gloves)
SInv    .            (no boots)
Will    .....        (no amulet)
Stlth   +            i - ring of protection from fire
HPRegen 0.23/turn    (no ring)
MPRegen 0.09/turn

%: no passive effects
@: no status effects
A: sickness immunity, AC +3, negative energy resistance 1, electricity
resistance, torment resistance 1, petrification resistance
a: no special abilities


You were on level 2 of the Dungeon.
You visited 1 branch of the dungeon, and saw 2 of its levels.

You collected 67 gold pieces.


Innate Abilities, Weirdness & Mutations

You are immune to sickness and miasma.
Your stone body is resilient. (AC +3)
You are immune to poison.
You resist negative energy. (rN+)
You are resistant to electric shocks. (rElec)
You are resistant to unholy torment.
You are immune to petrification.


   Skills:
 - Level 2.0 Fighting
 + Level 3.3 Ranged Weapons
 - Level 1.5 Dodging
 - Level 1.0 Spellcasting
 - Level 2.6 Hexes


You had 3 spell levels left.
You knew the following spells:

 Your Spells              Type           Power      Damage    Failure   Level
a - Slow                  Hex            20%        N/A       17%         1

Your spell library contained the following spells:

 Spells                   Type           Power      Damage    Failure   Level
 Inner Flame              Hex/Fire       3%         N/A       65%         3
 Portal Projectile        Hex/Tloc       6%         N/A       65%         3
 Cause Fear               Hex            2%         N/A       86%         4

Inventory:

Hand Weapons
 Y - a +1 sling (weapon)
Armour
 k - a +0 leather armour (worn)
Jewellery
 i - a ring of protection from fire (left hand)
Scrolls
 a - a scroll of identify {unknown}
Potions
 b - 2 potions of mutation {unknown}
 j - a potion of resistance {unknown}

Dungeon Overview and Level Annotations

Branches:
Dungeon (2/15)

Altars:

Annotations:
D:2 Robin


Message History

You shoot a sling bullet.
The sling bullet closely misses the hobgoblin.
The sling bullet barely misses the hobgoblin.
The hobgoblin hits you.
You shoot a sling bullet. The sling bullet hits the hobgoblin.
The hobgoblin is almost dead.
The hobgoblin closely misses you. The hobgoblin barely misses you.
You shoot a sling bullet.
The sling bullet closely misses the hobgoblin.
The hobgoblin misses you. Robin throws the goblin at you!
The hobgoblin barely misses you. The goblin hits you but does no damage.
The goblin hits you with a +0 dagger.
The hobgoblin hits you but does no damage.
The goblin closely misses you. The hobgoblin completely misses you.
You shoot a sling bullet.
The sling bullet closely misses the hobgoblin.
The goblin hits you with a +2 dagger of draining.
The hobgoblin misses you. The goblin hits you with a +0 club.
The hobgoblin closely misses you. The goblin closely misses you.
You shoot a sling bullet. The sling bullet hits the hobgoblin.
You kill the hobgoblin!
The goblin hits you but does no damage.
The hobgoblin hits you but does no damage.
The goblin hits you but does no damage. x2
You shoot a sling bullet. The sling bullet hits the hobgoblin.
You kill the hobgoblin!
The goblin hits you but does no damage. The goblin barely misses you.
The hobgoblin misses you. The goblin hits you with a +0 club.
The goblin closely misses you. The goblin hits you but does no damage.
The goblin hits you with a +0 dagger. The hobgoblin barely misses you.
The goblin hits you with a +0 dagger. The goblin barely misses you.
The hobgoblin barely misses you.
You shoot a sling bullet. The sling bullet hits the hobgoblin.
The hobgoblin is moderately wounded.
The goblin no longer looks unusually strong. x3
The goblin hits you but does no damage. The goblin closely misses you.
The hobgoblin barely misses you. The goblin misses you.
The hobgoblin hits you but does no damage.
The goblin hits you with a +0 dagger.
You die...

......##............
.........#####...##.
....................
.........#.........#
.#.......######..#.###
.#.......#...........#
.#.###..............
.... ##.......###g###
.... ##......#g@g..#
.... ##.....#gggg.#.
... #.....%%%........
#.#....#.....#)..
...##.#.#.....# .)
....# #...###.### .
..... #.... ... .###.
#..... .... .. .....)
##.##


You could see Robin, 2 hobgoblins and 4 goblins.

Vanquished Creatures
  2 dart slugs
  An endoplasm (D:1)
  2 giant cockroaches
  5 goblins
  4 hobgoblins (D:2)
  2 kobolds
  A quokka (D:1)
  6 ball pythons
  2 bats (D:1)
  5 frilled lizards
  4 rats
34 creatures vanquished.

Notes
Turn   | Place    | Note
-------+----------+-------------------------------------------
     0 | D:1      | qw the Gargoyle Hexslinger began the quest for the Orb.
     0 | D:1      | Reached XP level 1. HP: 12/12 MP: 2/2
     0 | D:1      | 0 ||| qw: Version: 0.3-a-46-gb1f654a
     0 | D:1      | 0 ||| qw: Game counter: 1798
     0 | D:1      | 0 ||| qw: Melee chars always use a shield: true
     0 | D:1      | 0 ||| qw: God list: Okawaru
     0 | D:1      | 0 ||| qw: Allow faded altars: false
     0 | D:1      | 0 ||| qw: Do Orc after clearing Dungeon:15 true
     0 | D:1      | 0 ||| qw: Do second Lair branch before Depths: true
     0 | D:1      | 0 ||| qw: Lair rune preference: random
     0 | D:1      | 0 ||| qw: Goals: Normal
     0 | D:1      | 0 ||| PLANNING D:1-11
    40 | D:1      | Found a faded altar of an unknown god.
   256 | D:1      | Reached XP level 2. HP: 16/16 MP: 3/3
   323 | D:1      | Reached skill level 3 in Ranged Weapons
   781 | D:1      | 781 ||| UPGRADING to +0 leather armour.
   791 | D:1      | 791 ||| DROPPING +0 robe.
   792 | D:1      | 792 ||| UPGRADING to ring of protection from fire.
   793 | D:1      | 793 ||| READING scroll labelled JURYUCK YHUI.
   794 | D:1      | 794 ||| READING scroll labelled JENGE VUYCAOSOFF.
   795 | D:1      | 795 ||| READING scroll labelled LEZYIV CESCH.
   796 | D:1      | 796 ||| READING scroll labelled HAW ZAMOUTUCUWUIJI.
   797 | D:1      | 797 ||| DRINKING 2 sapphire potions.
   798 | D:1      | 798 ||| DROPPING scroll of poison.
   799 | D:1      | 799 ||| DROPPING potion of degeneration.
   928 | D:2      | Reached XP level 3. HP: 20/21 MP: 4/4
  1004 | D:2      | Noticed Robin
  1014 | D:2      | HP: 3/21 [goblin/+0 dagger[Robin] (4)]
  1015 | D:2      | Slain by a goblin

Levels and vault maps discovered:
D:1:      dpeg_arrival_ternary, layout_basic,
          shapermc_ecumenical_altar_rom_forum
D:2:      layout_rooms, kennysheep_minor_cross, st_stairs_3,
          minmay_close_crescents, uniq_robin

Skill      XL: |  1  2 |
---------------+-------+-----
Ranged Weapons | 3 |  3.3
Fighting       | 2 |  2.0
Dodging        | |  1.5
Spellcasting   | |  1.0
Hexes          | |  2.6

Action                     || total
---------------------------++-------
   Fire: Sling             ||   116
    Use: Scroll            ||     4
         Potion            ||     1
 Armour: Robe              ||    17
         Leather armour    ||    20
  Dodge: Dodged            ||    58

Table legend:
 A = Non-vault XP
 B = Vault XP
 C = Vault XP percentage of total XP
 D = Non-vault monster count
 E = Vault monster count
 F = Vault count percentage of total count
                 A         B        C        D         E       F
            +---------+---------+-------+---------+---------+-------
      Total |      40 |      15 |  27.3 |      25 |       9 |  26.5
            +---------+---------+-------+---------+---------+-------
        D:1 |      22 |       0 |   0.0 |      14 |       0 |   0.0
        D:2 |      18 |      15 |  45.5 |      11 |       9 |  45.0
            +---------+---------+-------+---------+---------+-------
